 Dungeon Crawl Stone Soup version 0.29.1-15-g9cfb28693d (webtiles) character file.

Game seed: 17869409149518429241

29 croobank the Firebug (level 3, -5/22 HPs)
             Began as an Octopode Fire Elementalist on Apr 7, 2023.
             Slain by Crazy Yiuf
             ... wielding a +3 quarterstaff of chaos
              (13 damage)
             ... on level 2 of the Dungeon.
             The game lasted 00:02:46 (1313 turns).

croobank the Firebug (Octopode Fire Elementalist)   Turns: 1313, Time: 00:02:47

Health: -5/22      AC:  1    Str:  7    XL:     3   Next: 16%
Magic:  0/6        EV: 10    Int: 19    God:
Gold:   44         SH:  0    Dex: 12    Spells: 3/6 levels left

rFire   . . .      SeeInvis .   (no weapon)
rCold   . . .      Faith    .   (no shield)
rNeg    . . .      Spirit   .   (helmet restricted)
rPois   .          Reflect  .   (no amulet)
rElec   .          Harm     .   (no ring)
rCorr   .          Rampage  .   (no ring)
Will    .....                   (no ring)
Stlth   +++.......              (no ring)
HPRegen 0.07/turn               (no ring)
MPRegen 0.10/turn               (no ring)
                                (no ring)
                                (no ring)

@: grasped by roots, very slightly contaminated, constricted
A: almost no armour, amphibious, 8 rings, camouflage 1, gelatinous body 1,
(nimble swimmer 1), tentacles
a: no special abilities


You were on level 2 of the Dungeon.
You visited 1 branch of the dungeon, and saw 2 of its levels.

You collected 44 gold pieces.

Inventory:

Hand Weapons
 g - a +0 trident
Scrolls
 c - a scroll of vulnerability {unknown}
 e - a scroll of identify {unknown}
 f - a scroll of poison {unknown}
Potions
 a - a potion of magic
 b - 2 potions of lignification {unknown}
 d - a potion of curing {unknown}
 h - 2 potions of flight {unknown}


   Skills:
 + Level 0.5 Fighting
 + Level 2.3 Dodging
 + Level 3.2 Stealth
 + Level 2.2 Spellcasting
 + Level 1.4 Conjurations
 + Level 3.2 Fire Magic


You had 3 spell levels left.
You knew the following spells:

 Your Spells              Type           Power      Damage    Failure   Level
a - Foxfire               Conj/Fire      40%        2x1d6     6%          1
b - Scorch                Fire           28%        2d6       7%          2

Your spell library contained the following spells:

 Spells                   Type           Power      Damage    Failure   Level
 Conjure Flame            Conj/Fire      10%        6-21      19%         3
 Inner Flame              Hex/Fire       8%         N/A       26%         3
 Flame Wave               Conj/Fire      10%        2d6       54%         4


Dungeon Overview and Level Annotations

Branches:
Dungeon (2/15)

Altars:
Dithmenos

Annotations:
D:2 1 runed translucent door, Crazy Yiuf


Innate Abilities, Weirdness & Mutations

You cannot wear most types of armour.
You are amphibious.
You can wear up to eight rings at the same time.
Your skin changes colour to match your surroundings (Stealth+).
Your rubbery body absorbs attacks. (AC +1, EV +1)
((You are camouflaged when in or above water. (Stealth+)))
You have tentacles for arms and can constrict up to eight enemies at once.


Message History

You conjure some foxfire!
The foxfire hits the dart slug.
The dart slug is severely wounded.
The foxfire hits the dart slug.
You kill the dart slug!
You start resting.
Magic restored.
Things that are here:
a +0 club; a goblin corpse
h - 2 inky potions (gained 1)
Found a stone staircase leading up.
A sourceless malevolence fills the Dungeon... and a teleportation trap spontaneously manifests!
You are yanked towards a nearby monster!
Your surroundings suddenly seem different.
Crazy Yiuf the Enlightened comes into view.
He is wielding a +3 quarterstaff of chaos and carrying a wand of roots (7).
Found a hammer.
Found a runed translucent door.
Casting: Foxfire (safe; 6% risk of failure)
Confirm with . or Enter, or press ? or * to list all spells.
You miscast Scorch.
You are very lightly contaminated with residual magic.
Nothing appears to happen.
Crazy Yiuf shouts!
Crazy Yiuf barely misses you.
Casting: Scorch (safe; 7% risk of failure)
Confirm with . or Enter, or press ? or * to list all spells.
Flames lash Crazy Yiuf.
Crazy Yiuf is heavily wounded.
Crazy Yiuf's fire resistance burns away.
Crazy Yiuf waves his quarterstaff at you.
Crazy Yiuf zaps a wand.
The roots erupt in riotous growth!
The grasping roots grab you!
Crazy Yiuf is unaffected.
The grasping roots constrict you.
Casting: Scorch (safe; 7% risk of failure)
Confirm with . or Enter, or press ? or * to list all spells.
Flames lash Crazy Yiuf.
Crazy Yiuf is burned terribly!
Crazy Yiuf is almost dead.
Crazy Yiuf hits you with a +3 quarterstaff of chaos!
You are electrocuted!
Ouch! That really hurt!
You die...

#####
#)g@#
#...#
#...#
##+##
♣. ♣♣


You could see Crazy Yiuf (combustible).

Vanquished Creatures
  A dart slug (D:2)
  2 ball pythons (D:1)
  5 endoplasms (D:1)
  A giant cockroach (D:1)
  6 goblins
  A hobgoblin (D:1)
  3 quokkas (D:1)
  A bat (D:1)
  3 frilled lizards (D:1)
  2 rats (D:1)
25 creatures vanquished.

Vanquished Creatures (others)
  68 foxfires
68 creatures vanquished.

Grand Total: 93 creatures vanquished

Notes
Turn   | Place    | Note
-------+----------+-------------------------------------------
     0 | D:1      | croobank the Octopode Fire Elementalist began the quest for
                  | the Orb.
     0 | D:1      | Reached XP level 1. HP: 11/11 MP: 3/3
   210 | D:1      | Reached XP level 2. HP: 14/17 MP: 1/5
   667 | D:1      | Reached XP level 3. HP: 13/22 MP: 1/6
   670 | D:1      | Learned a level 2 spell: Scorch
  1264 | D:2      | Found a shadowy altar of Dithmenos.
  1310 | D:2      | Found a runed translucent door.
  1310 | D:2      | Noticed Crazy Yiuf
  1313 | D:2      | Slain by Crazy Yiuf

Illustrated notes

Levels and vault maps discovered:
D:1:      kennysheep_arrival_forest, layout_basic
D:2:      layout_loops_cross, hellmonk_ecumenical_altar_blasted, serial_shops,
          nicolae_shop_stone, basic_altar, uniq_crazy_yiuf_cottage, uniq_robin

Skill      XL: |  1  2 |
---------------+-------+-----
Stealth        | 3 |  3.2
Fighting       | |  0.5
Dodging        | |  2.3
Spellcasting   | |  2.2
Conjurations   | |  1.4
Fire Magic     | |  3.2

Action                   || total
-------------------------++-------
Melee: Unarmed           ||    10
       Tentacles         ||     3
       Constrict         ||     2
 Cast: Foxfire           ||    38
       Scorch            ||     2
Armor: Skin              ||     1
Dodge: Dodged            ||     6
